 Dungeon Crawl Stone Soup version 0.29-a0-819-g94b489e0ae (webtiles) character file.

Game seed: 9288539501503062953

1252 kevlar127 the Ruffian (level 8, -4/81 HPs)
             Began as a Troll Berserker on July 7, 2022.
             Was a Priest of Trog.
             Slain by Duvessa
             ... wielding a +0 short sword
              (14 damage)
             ... on level 5 of the Dungeon.
             The game lasted 00:07:50 (4654 turns).

kevlar127 the Ruffian (Troll Berserker)             Turns: 4654, Time: 00:07:50

Health: -4/81      AC:  4    Str: 28    XL:     8   Next: 26%
Magic:  7/7        EV:  9    Int:  5    God:    Trog [***...]
Gold:   252        SH:  0    Dex: 13    Spells: 7/7 levels left

rFire   . . .      SeeInvis .     - Unarmed
rCold   . . .      Faith    .   q - +1 kite shield of the Blind Marksman {Contam Int+2 Dex+4}
rNeg    + . .      Spirit   .   a - +0 animal skin
rPois   .          Reflect  .   (helmet restricted)
rElec   .          Harm     .   (no cloak)
rCorr   .          Rampage  .   (gloves unavailable)
Will    .....                   (boots unavailable)
Stlth   +.........              (no amulet)
HPRegen 1.03/turn               h - ring of positive energy
MPRegen 0.10/turn               (no ring)

@: confused, ambrosia-drunk
A: large, unfitting armour, claws 3, regeneration 1, shaggy fur 1, tough skin 1
a: Renounce Religion, Berserk, Trog's Hand


You were on level 5 of the Dungeon.
You worshipped Trog.
Trog was most pleased with you.
You visited 1 branch of the dungeon, and saw 5 of its levels.

You collected 252 gold pieces.

Inventory:

Missiles
 b - 38 stones (quivered)
 d - 3 boomerangs
 j - 5 poisoned darts
 p - 2 throwing nets
 t - 6 atropa-tipped darts
Armour
 a - a +0 animal skin (worn)
 q - the +1 kite shield of the Blind Marksman (worn) {Contam Int+2 Dex+4}
   (You found it on level 4 of the Dungeon)

   Int:       It affects your intelligence (+2).
   Dex:       It affects your dexterity (+4).
   Contam:    It causes magical contamination when unequipped.
Jewellery
 h - a ring of positive energy (left claw)
 u - an amulet of guardian spirit
Wands
 k - a wand of iceblast (9)
 r - a wand of paralysis (13)
 s - a wand of flame (17)
Scrolls
 e - 8 scrolls of identify {unknown}
 f - a scroll of vulnerability {unknown}
 l - 2 scrolls of magic mapping {unknown}
 n - a scroll of poison {unknown}
 o - a scroll of immolation {unknown}
 v - a scroll of fear {unknown}
Potions
 c - 2 potions of curing
 g - 2 potions of ambrosia
 i - a potion of brilliance {unknown}
 m - a potion of flight {unknown}


   Skills:
 + Level 5.6 Fighting
 + Level 2.4 Armour
 - Level 3.0 Dodging
 + Level 2.7 Shields
 + Level 6.7 Unarmed Combat


You had 7 spell levels left.
You didn't know any spells.
Your spell library was empty.

Dungeon Overview and Level Annotations

Branches:
Dungeon (5/15)             Temple (0/1) D:5

Altars:
The Shining One

Portals:
Abyss: D:3

Annotations:
D:3 2 transporters, om's ghost, amateur HOFE
D:5 Dowan; Duvessa


Innate Abilities, Weirdness & Mutations

You are too large for most types of armour.
You have claws for hands.
Your natural rate of healing is unusually fast.
You are covered in fur. (AC +1)
You have tough skin. (AC +1)


Message History

You are too injured to fight recklessly!
You are too injured to fight recklessly!
You are too injured to fight recklessly!
You are too injured to fight recklessly!
You are too injured to fight recklessly!
You are too injured to fight recklessly!
You are too injured to fight recklessly!
You are too injured to fight recklessly!
You are too injured to fight recklessly!
You are too injured to fight recklessly!
You are too injured to fight recklessly!
You are too injured to fight recklessly!
You are too injured to fight recklessly!
You are too injured to fight recklessly!
You are too injured to fight recklessly!
You are too injured to fight recklessly!
You are too injured to fight recklessly!
You are too injured to fight recklessly!
You are too injured to fight recklessly!
You are too injured to fight recklessly!
You are too injured to fight recklessly!
You are too injured to fight recklessly!
You are too injured to fight recklessly!
You are too injured to fight recklessly!
You are too injured to fight recklessly!
Unknown command.
Duvessa attacks as you move away! You block Duvessa's attack.
Duvessa hits you with a +0 short sword!
* * * LOW HITPOINT WARNING * * *
Duvessa attacks as you move away! Duvessa hits you with a +0 short sword!
* * * LOW HITPOINT WARNING * * *
It was a potion of curing.
You feel better. Duvessa hits you with a +0 short sword!
* * * LOW HITPOINT WARNING * * *
Duvessa hits you with a +0 short sword.
* * * LOW HITPOINT WARNING * * *
It was a potion of ambrosia.
You are confused.
You feel invigorated. Duvessa hits you with a +0 short sword!
You die...

#### ##### ≈≈≈#
#####...#########
)#§#
#.......ee@.....#
#§≈#
.###...#######.#
≈§≈# #..........#
#.# #####
[..).......#
#.###########
.....
.......>...#
#...........#
#####
#####...####
###########.#
#### #...#
#......# ...#
#...# ####.###..#
.#.# ##.## #....#
#..#


You could see Duvessa (berserk, fast) and Dowan.

Vanquished Creatures
  Sigmund (D:5)
  A black bear (D:5)
  3 ogres (D:5)
  A phantom (D:4)
  2 scorpions
  A necrophage (D:4)
  A jelly (D:4)
  2 hounds (D:5)
  2 orc priests
  4 iguanas
  3 orc wizards
  4 gnolls (D:3)
  7 adders
  An ufetubus (D:5)
  A worm (D:2)
  A dart slug (D:3)
  7 orcs
  5 ball pythons
  3 endoplasms
  5 giant cockroaches
  5 goblins
  6 hobgoblins
  3 jackals (D:4)
  A quokka (D:3)
  6 bats
  2 frilled lizards (D:1)
  9 kobolds
  4 rats
91 creatures vanquished.

Notes
Turn   | Place    | Note
-------+----------+-------------------------------------------
     0 | D:1      | kevlar127 the Troll Berserker began the quest for the Orb.
     0 | D:1      | Reached XP level 1. HP: 22/22 MP: 0/0
   175 | D:1      | Reached XP level 2. HP: 28/29 MP: 1/1
   618 | D:2      | Reached ** piety under Trog
   954 | D:2      | Reached XP level 3. HP: 36/36 MP: 2/2
  1187 | D:2      | Found a faded altar of an unknown god.
  1313 | D:3      | Found a transporter.
  1319 | D:3      | Noticed om's ghost (amateur HOFE)
  1320 | D:3      | Found a one-way gate to the infinite horrors of the Abyss.
  1320 | D:3      | Noticed a small abomination
  1420 | D:3      | Reached XP level 4. HP: 45/45 MP: 3/3
  1426 | D:3      | Reached skill level 4 in Unarmed Combat
  1466 | D:3      | Found a transporter.
  1480 | D:3      | Noticed a small abomination
  1480 | D:3      | Noticed a toenail golem
  1579 | D:3      | Reached XP level 5. HP: 31/53 MP: 4/4
  3117 | D:4      | Reached skill level 5 in Unarmed Combat
  3117 | D:4      | Reached XP level 6. HP: 61/62 MP: 5/5
  3304 | D:4      | Identified the +1 kite shield of the Blind Marksman {Contam
                  | Int+2 Dex+4}
  3361 | D:4      | Reached *** piety under Trog
  3774 | D:5      | Entered Level 5 of the Dungeon
  3882 | D:5      | Reached XP level 7. HP: 71/71 MP: 6/6
  3921 | D:5      | Reached skill level 5 in Fighting
  3921 | D:5      | Reached skill level 1 in Armour
  3921 | D:5      | Reached skill level 1 in Shields
  3921 | D:5      | Reached skill level 6 in Unarmed Combat
  4258 | D:5      | Noticed Sigmund
  4265 | D:5      | Killed Sigmund
  4266 | D:5      | Reached XP level 8. HP: 71/80 MP: 7/7
  4421 | D:5      | Found a staircase to the Ecumenical Temple.
  4531 | D:5      | Found a glowing golden altar of the Shining One.
  4641 | D:5      | Noticed Duvessa
  4642 | D:5      | Noticed Dowan
  4642 | D:5      | Found the +4 robe of Augmentation {Str+4 Int+4 Dex+4}
  4654 | D:5      | Slain by Duvessa

Illustrated notes

Levels and vault maps discovered:
D:1:      dpeg_arrival_short_road, layout_rooms, roderic_nine_men_s_morris
D:2:      layout_loops_ring, hellmonk_ecumenical_altar_leap_of_faith
D:3:      layout_loops_corners, gammafunk_ghost_abyssal_escape
D:4:      layout_loops_corners
D:5:      minmay_general_purpose_star, layout_loops_ring, tso_metal_star,
          minmay_temple_entry_glassed_door, kennysheep_generic_room_14,
          uniq_duvessa, uniq_sigmund

Skill      XL: |  1  2  3  4  5  6  7 |
---------------+----------------------+-----
Fighting       | 3 4 5 |  5.6
Dodging        | 3 |  3.0
Unarmed Combat | 4 5 6 |  6.7
Armour         | 2 |  2.4
Shields        | 2 |  2.7

Action                   |  1- 3 |  4- 6 |  7- 9 || total
-------------------------+-------+-------+-------++-------
Melee: Unarmed           |   104 |   124 |    79 ||   307
  Use: Potion            |       |       |     2 ||     2
 Stab: Sleeping          |       |     1 |       ||     1
Armor: Animal skin       |    39 |    37 |    11 ||    87
Dodge: Dodged            |    67 |    51 |    25 ||   143
Block: Kite shield       |       |     1 |    28 ||    29

Table legend: (Time is in decaauts)
 A = Elapsed time spent in this place.
 B = Non-inter-level travel time spent in this place.
 C = Inter-level travel time spent in this place.
 D = Time resting spent in this place.
 E = Time spent auto-exploring this place.
 F = Levels seen in this place.
 G = Mean time per level.
                   A        B        C        D        E       F      G
               +--------+--------+--------+--------+--------+-----+--------+
         Total |   4637 |   4501 |    136 |   1033 |   2831 |   5 |  927.4 |
       Dungeon |   4637 |   4501 |    136 |   1033 |   2831 |   5 |  927.4 |
               +--------+--------+--------+--------+--------+-----+--------+

Top non-repeatable levels by time:
     D:4: 1335 daAuts
     D:3: 1293 daAuts
     D:5: 801 daAuts
     D:2: 612 daAuts
     D:1: 595 daAuts
